 Dungeon Crawl Stone Soup version 0.19-a0-1815-g4007336 (webtiles) character file.

2978 kae the Martial Artist (level 9, -2/64 HPs)
             Began as a Grey Draconian Transmuter on Oct 5, 2016.
             Was an Initiate of Qazlal.
             Slain by a yak (14 damage)
             ... on level 9 of the Dungeon.
             The game lasted 00:13:40 (7753 turns).

kae the Martial Artist (Grey Draconian Transmuter)  Turns: 7753, Time: 00:13:41

Health: -2/64      AC:  2    Str: 12    XL:     9   Next: 53%
Magic:  9/12       EV: 19    Int: 15    God:    Qazlal [......]
Gold:   464        SH:  0    Dex: 19    Spells: 3 memorised, 6 levels left

rFire  . . .     SeeInvis .       - Unarmed
rCold  . . .     Gourm    .     (armour unavailable)
rNeg   . . .     Faith    .     (shield currently unavailable)
rPois  x         Spirit   .     (helmet currently unavailable)
rElec  .         Dismiss  .     (cloak currently unavailable)
rCorr  .         Reflect  .     (gloves currently unavailable)
MR     .....     Harm     .     (boots currently unavailable)
Stlth  ++........               (no amulet)
                                (no ring)
                                (no ring)

@: spider-form
A: (walk through water), unfitting armour, (unbreathing), (cold-blooded), AC +12
a: End Transformation, Renounce Religion


You were on level 9 of the Dungeon.
You worshipped Qazlal.
Qazlal was noncommittal.
You were hungry.
You were a venomous arachnid creature.
You visited 2 branches of the dungeon, and saw 10 of its levels.

You collected 464 gold pieces.

Inventory:

Missiles
 a - 35 arrows
Armour
 o - a +1 cloak (melded)
 A - a +1 pair of boots (melded)
Wands
 e - a wand of slowing (26/48)
 k - a wand of digging (18/24)
 C - a wand of slowing (20/48)
Scrolls
 d - 2 scrolls of enchant weapon
 j - 5 scrolls of amnesia
 m - a scroll of immolation
 r - 3 scrolls of remove curse
 x - a scroll of recharging
 y - a scroll of brand weapon {unknown}
 z - a scroll of magic mapping
 B - a scroll of summoning {unknown}
Potions
 f - 2 potions of lignification
 g - a potion of berserk rage
 i - a potion of brilliance
 l - a potion of cure mutation
 p - 3 potions of invisibility
 u - a potion of agility
 v - 4 potions of curing
 w - a potion of magic {unknown}
Books
 b - a book of Changes

   Spells                             Type                      Level
   a - Beastly Appendage              Transmutation                1
   b - Sticks to Snakes               Transmutation                2
   c - Spider Form                    Transmutation/Poison         3
   d - Ice Form                       Ice/Transmutation            4
   e - Blade Hands                    Transmutation                5
Comestibles
 c - 5 bread rations
 h - a slice of pizza
 n - 19 fruits
 q - 4 beef jerkies
 s - 4 royal jellies
 t - 3 meat rations


   Skills:
 - Level 1.1 Fighting
 - Level 1.7 Dodging
 * Level 11.1 Unarmed Combat
 - Level 2.0 Spellcasting
 + Level 8.0 Transmutations


You had 6 spell levels left.
You knew the following spells:

 Your Spells              Type           Power        Failure   Level  Hunger
a - Beastly Appendage     Tmut           ####..       4%          1    #......
b - Sticks to Snakes      Tmut           ####....     6%          2    ###....
c - Spider Form           Tmut/Pois      ##........   32%         3    ###....


Dungeon Overview and Level Annotations

Branches:
Dungeon (8/15)             Temple (1/1) D:7
   Lair: D:8-11

Altars:
Ashenzari
Cheibriados
Dithmenos
Elyvilon
Fedhas
Gozag
Hepliaklqana
Kikubaaqudgha
Makhleb
Nemelex Xobeh
Okawaru
Qazlal
Ru
Sif Muna
Trog
Uskayaw
Vehumet
Xom
Yredelemnul
Zin
The Shining One

Annotations:
D:4 dobroeutro's ghost, novice DgFi
D:5 braks's ghost, novice VSFi
D:8 eragonby's ghost, novice GrFi


Innate Abilities, Weirdness & Mutations

((You can walk through water.))
((Your dull iron-grey scales are very hard. (AC +12)))
You cannot fit into any form of body armour.
((You can survive without breathing.))
((You are cold-blooded and may be slowed by cold attacks.))


Message History

You hit the yak.
Your tail-slap misses the yak.
The yak is almost dead.
You kill the yak!
Qazlal accepts your kill.
Your Transmutations skill increases to level 8!
You hit the yak but do no damage. The yak gores you!
* * * LOW HITPOINT WARNING * * *
You barely miss the yak.
You tail-slap the yak, but do no damage.
The yak gores you but does no damage.
You hit the yak.
The yak is lightly wounded.
The yak misses you.
Casting: Spider Form
Confirm with . or Enter, or press ? or * to list all spells.
You turn into a venomous arachnid creature.
Your +1 cloak melds into your body.
Your +1 pair of boots melds into your body.
The yak gores you!
You die...

#...# #...#
#...# . #...#
>. #...# ...
#...# ...:
#...# .....
#...####......
#(.>.sY)......
##############


You could see a yak.

Vanquished Creatures
  Pikel (D:6)
  A two-headed ogre (D:8)
  4 yaks (D:9)
  An ice beast (D:5)
  A sky beast (D:7)
  A black bear (D:4)
  A centaur (D:9)
  4 ogres
  3 bullfrogs
  2 scorpions
  A wight (D:7)
  2 crimson imps
  A bullfrog zombie (D:9)
  A centaur zombie (D:5)
  A centaur skeleton (D:5)
  2 orc priests (D:6)
  Crazy Yiuf (D:2)
  2 hounds
  An iguana (D:5)
  An orc wizard (D:5)
  2 worker ants
  A hound zombie (D:5)
  A hound skeleton (D:5)
  14 adders
  A shadow imp (D:4)
  An ooze (D:1)
  2 dart slugs (D:2)
  A worm (D:2)
  5 leopard geckos
  19 orcs
  8 bats
  8 giant cockroaches
  4 hobgoblins
  6 jackals
  6 frilled lizards
  9 goblins
  9 kobolds
  A leopard gecko zombie (D:6)
  A quokka skeleton (D:5)
  7 rats
138 creatures vanquished.

Vanquished Creatures (collateral kills)
  An adder (D:6)
  A jackal (D:6)
2 creatures vanquished.

Vanquished Creatures (others)
  A slave (D:6)
  A sky beast (D:9)
2 creatures vanquished.

Grand Total: 142 creatures vanquished

Notes
Turn   | Place    | Note
-------+----------+-------------------------------------------
     0 | D:1      | kae the Draconian Transmuter began the quest for the Orb.
     0 | D:1      | Reached XP level 1. HP: 16/16 MP: 3/3
    61 | D:1      | Reached XP level 2. HP: 21/23 MP: 3/5
   773 | D:1      | Reached XP level 3. HP: 24/28 MP: 6/6
   777 | D:1      | Learned a level 2 spell: Sticks to Snakes
   781 | D:1      | Learned a level 3 spell: Spider Form
   896 | D:2      | Reached skill level 4 in Unarmed Combat
  1413 | D:2      | Found a runed door.
  1442 | D:2      | Reached XP level 4. HP: 28/35 MP: 7/7
  1668 | D:2      | You fall through a shaft!
  1875 | D:2      | Noticed Crazy Yiuf
  1880 | D:2      | Killed Crazy Yiuf
  1880 | D:2      | Reached skill level 5 in Unarmed Combat
  2021 | D:3      | Found a faded altar of an unknown god.
  2024 | D:3      | Reached XP level 5. HP: 33/40 MP: 8/8
  2556 | D:4      | Noticed dobroeutro's ghost (novice DgFi)
  3569 | D:4      | Noticed an ogre
  3574 | D:4      | Killed an ogre
  3574 | D:4      | Reached skill level 6 in Unarmed Combat
  3574 | D:4      | Reached XP level 6. HP: 47/47 MP: 5/9
  4039 | D:5      | Entered Level 5 of the Dungeon
  4124 | D:5      | Noticed braks's ghost (novice VSFi)
  4430 | D:5      | Your scales start taking on a dull iron-grey colour.
  4430 | D:5      | Reached XP level 7. HP: 38/52 MP: 10/10
  4430 | D:5      | Gained mutation: You can survive without breathing. [Grey Draconian growth]
  4629 | D:5      | Reached skill level 7 in Unarmed Combat
  4646 | D:5      | Reached skill level 5 in Transmutations
  5372 | D:6      | HP: 2/52 [poisoned by an orc]
  5805 | D:6      | Reached skill level 8 in Unarmed Combat
  5812 | D:6      | Noticed Pikel
  6128 | D:6      | Reached XP level 8. HP: 57/59 MP: 9/11
  6151 | D:6      | Killed Pikel
  6151 | D:6      | Reached skill level 9 in Unarmed Combat
  6535 | D:7      | Found a glowing golden altar of the Shining One.
  7023 | D:7      | Found a staircase to the Ecumenical Temple.
  7038 | Temple   | Entered the Ecumenical Temple
  7096 | Temple   | Became a worshipper of Qazlal Stormbringer
  7395 | D:8      | Noticed a two-headed ogre
  7400 | D:8      | Killed a two-headed ogre
  7400 | D:8      | Reached skill level 10 in Unarmed Combat
  7400 | D:8      | Reached XP level 9. HP: 54/64 MP: 8/12
  7474 | D:8      | Noticed eragonby's ghost (novice GrFi)
  7577 | D:7      | You fall through a shaft for 2 floors!
  7742 | D:9      | Reached skill level 11 in Unarmed Combat
  7753 | D:9      | Slain by a yak

Vault maps used:
D:1:      lemuel_arrival_cross, kennysheep_boxes
D:2:      dk_vineyard_1, uniq_crazy_yiuf_cottage
D:3:      ecumenical_altar_1, eino_tiny_chamber
D:4:      black_bear_nest_1
D:5:      first_bread, roderic_hopi_sauvastika
D:6:      uniq_pikel
D:7:      basic_altar
D:8:      minmay_lair_entry_lava, serial_shops, shop, basic_altar
D:9:      grunt_pizzeria
Temple:   nicolae_temple_the_god_donut

Skill      XL: |  1  2  3  4  5  6  7  8  9 |
---------------+----------------------------+-----
Unarmed Combat | 4 5 6 8 10 11 | 11.1
Transmutations | 3 4 5 7 8 |  8.0
Fighting       | |  1.1
Dodging        | |  1.7
Spellcasting   | |  2.0

Action                   |  1- 3 |  4- 6 |  7- 9 || total
-------------------------+-------+-------+-------++-------
Melee: Unarmed           |   178 |   219 |   254 ||   651
       Tailslap          |    17 |    28 |    24 ||    69
       Kick              |     5 |     5 |     8 ||    18
       Punch             |     1 |     3 |     5 ||     9
       Headbutt          |       |     7 |     8 ||    15
 Cast: Beastly Appendage |     5 |    12 |    11 ||    28
       Spider Form       |       |     2 |     7 ||     9
       Sticks to Snakes  |       |       |    14 ||    14
  Use: Scroll            |       |     8 |     7 ||    15
       Potion            |       |       |     1 ||     1
 Stab: Sleeping          |     1 |     1 |     1 ||     3
  Eat: Chunk             |     2 |     8 |    12 ||    22
       Fruit             |       |     1 |     2 ||     3
Armor: Skin              |    55 |    60 |    93 ||   208
Dodge: Dodged            |   146 |   145 |   126 ||   417
